 Dungeon Crawl Stone Soup version 0.31-b1-20-g67cafac56d (webtiles) character file.

Game seed: 6618262660670613359

134 NebNova the Chopper (level 5, 0/46 HPs)
             Began as a Hill Orc Fighter on Jan 18, 2024.
             Slain by a steam dragon (5 damage)
             ... on level 3 of the Dungeon.
             The game lasted 00:05:24 (1551 turns).

NebNova the Chopper (Hill Orc Fighter)              Turns: 1551, Time: 00:05:26

Health: 0/46       AC:  7    Str: 21    XL:     5   Next: 17%
Magic:  5/5        EV:  9    Int:  8    God:
Gold:   218        SH:  4    Dex: 10    Spells: 4/4 levels left

rFire   . . .        a - +0 war axe
rCold   . . .        c - +0 buckler
rNeg    . . .        b - +0 scale mail
rPois   .            (no helmet)
rElec   .            (no cloak)
rCorr   .            (no gloves)
SInv    .            (no boots)
Will    .....        (no amulet) Stlth
                     (no ring)
HPRegen 0.27/turn    (no ring)
MPRegen 0.09/turn

%: no passive effects
@: no status effects
A: no striking features
a: no special abilities


You were on level 3 of the Dungeon.
You visited 1 branch of the dungeon, and saw 3 of its levels.

You collected 218 gold pieces.

Inventory:

Hand Weapons
 a - a +0 war axe (weapon)
Armour
 b - a +0 scale mail (worn)
 c - a +0 buckler (worn)
Scrolls
 e - a scroll of revelation {unknown}
 f - a scroll of blinking {unknown}
 g - 3 scrolls of vulnerability {unknown}
 j - 2 scrolls of identify {unknown}
 l - a scroll of amnesia {unknown}
Potions
 d - a potion of might
 h - a potion of invisibility {unknown}
 i - a potion of lignification {unknown}
 k - 2 potions of heal wounds {unknown}


   Skills:
 + Level 4.2 Fighting
 + Level 4.9 Axes
 + Level 3.8 Armour
 + Level 1.0 Dodging
 + Level 0.1 Stealth
 + Level 3.8 Shields


You had 4 spell levels left.
You didn't know any spells.
Your spell library contained the following spells:

 Spells                   Type           Power      Damage    Failure   Level
 Blink                    Tloc           0%         N/A       91%         2
 Lesser Beckoning         Tloc           0%         N/A       91%         2
 Momentum Strike          Conj/Tloc      0%         3d8       91%         2


Dungeon Overview and Level Annotations

Branches:
Dungeon (3/15)

Altars:


Message History

You have reached level 5!
You feel stronger.
The gnoll shouts!
You slash the gnoll!
You kill the gnoll!
You closely miss the orc. You slash the orc!
You kill the orc!
The orc barely misses you.
Your Dodging skill increases to level 1!
You slash the orc!
You kill the orc!
You hit the orc. The steam dragon breathes steam at you.
The ball of steam hits the orc.
The orc dies!
The ball of steam hits you.
You slash the steam dragon!
The steam dragon is moderately wounded.
You are engulfed in a cloud of scalding steam.
The steam dragon bites you. The steam dragon barely misses you.
You hit the steam dragon.
The steam dragon is moderately wounded.
You are engulfed in a cloud of scalding steam.
The steam dragon barely misses you. The steam dragon closely misses you.
You barely miss the steam dragon.
The steam dragon is moderately wounded.
The steam dragon bites you. The steam dragon barely misses you.
You slash the steam dragon!
The steam dragon is severely wounded.
The steam dragon bites you. The steam dragon claws you.
The steam dragon breathes steam at you. The ball of steam hits you.
You hear a shout! x2
You hit the steam dragon.
The steam dragon is almost dead.
You are engulfed in a cloud of scalding steam.
* * * LOW HITPOINT WARNING * * *
You hear a shout! x5
The steam dragon closely misses you. The steam dragon claws you.
You die...

.........................
~~~~....≈~~~≈~~~~~~~~~~~~
≈≈≈~....~≈≈≈≈≈~≈≈≈≈≈~≈≈~≈
~~~~....~~~~~~~~~~~≈##
....................#
####''''#############
...#....#........
...'...oD§).....$
...#...g#@)......
#################


You could see a steam dragon (catching breath), a gnoll and an orc.

Vanquished Creatures
  Terence (D:2)
  4 gnolls
  2 dart slugs (D:1)
  2 ribbon worms (D:3)
  3 orcs (D:3)
  5 bats
  4 endoplasms
  2 giant cockroaches
  4 goblins
  2 hobgoblins (D:1)
  5 jackals
  4 kobolds
  4 quokkas
  6 ball pythons
  3 frilled lizards (D:1)
  2 rats
53 creatures vanquished.

Vanquished Creatures (others)
  An orc (D:3)
1 creature vanquished.

Grand Total: 54 creatures vanquished

Notes
Turn   | Place    | Note
-------+----------+-------------------------------------------
     0 | D:1      | NebNova the Hill Orc Fighter began the quest for the Orb.
     0 | D:1      | Reached XP level 1. HP: 19/19 MP: 1/1
    98 | D:1      | Reached XP level 2. HP: 17/27 MP: 2/2
   467 | D:1      | Reached XP level 3. HP: 21/33 MP: 3/3
   740 | D:2      | Found a faded altar of an unknown god.
   830 | D:2      | Noticed Terence
   843 | D:2      | Killed Terence
   844 | D:2      | Reached XP level 4. HP: 25/40 MP: 4/4
  1539 | D:3      | Noticed a steam dragon
  1545 | D:3      | Reached XP level 5. HP: 43/46 MP: 5/5
  1546 | D:3      | Reached skill level 1 in Dodging
  1551 | D:3      | Slain by a steam dragon

Illustrated notes

Levels and vault maps discovered:
D:1:      minmay_arrival_up_and_down, layout_rooms, serial_bayou_pond_d
D:2:      layout_rooms, nicolae_ecumenical_lake_church, minivault_23,
          grunt_ministairs_15, uniq_terence
D:3:      lemuel_castle_with_subvaults [lemuel_castle_interior_carwin_1],
          layout_rooms

Skill      XL: |  1  2  3  4  5 |
---------------+----------------+-----
Axes           | 3 4 |  4.9
Fighting       | 4 |  4.2
Dodging        | 1 |  1.0
Armour         | |  3.8
Stealth        | |  0.1
Shields        | |  3.8

Action                     |  1- 3 |  4- 6 || total
---------------------------+-------+-------++-------
  Melee: War axe           |    71 |    68 ||   139
 Armour: Scale mail        |    41 |    55 ||    96
  Dodge: Dodged            |    37 |    38 ||    75
  Block: Buckler           |    19 |    20 ||    39
